 Dungeon Crawl Stone Soup version 0.21-a0-210-gbfa5647 (webtiles) character file.

388 tehllama the Insei (level 6, -5/41 HPs)
             Began as an Octopode Transmuter on Aug 22, 2017.
             Was an Initiate of Gozag.
             Slain by tehllama's ghost (8 damage)
             ... on level 4 of the Dungeon.
             The game lasted 00:05:45 (3474 turns).

tehllama the Insei (Octopode Transmuter)            Turns: 3474, Time: 00:05:46

Health: -5/41      AC:  1    Str: 12    XL:     6   Next: 79%
Magic:  8/9        EV: 13    Int: 20    God:    Gozag
Gold:   429        SH:  5    Dex: 14    Spells: 3/9 levels left

rFire    + . .     SeeInvis .     - Unarmed
rCold    . . .     Gourm    .   (no shield)
rNeg     . . .     Faith    .   (helmet restricted)
rPois    .         Spirit   .   s - +5 amulet of reflection
rElec    .         Reflect  +   h - ring of stealth
rCorr    .         Harm     .   (no ring)
MR       .....                  (no ring)
Stlth    +++++.....             (no ring)
HPRegen  0.13/turn              (no ring)
MPRegen  0.11/turn              (no ring)
                                (no ring)
                                (no ring)

@: brilliant, lethally poisoned (-5 -> -10)
A: almost no armour, stealthy swim, amphibious, 8 rings, constrict 8, camouflage
1, agile 1, blink, fire resistance 1, gelatinous body 1
a: Blink, Potion Petition, Call Merchant, Bribe Branch, Renounce Religion


You were on level 4 of the Dungeon.
You worshipped Gozag.
Gozag was aware of your devotion.
You were not hungry.

You visited 1 branch of the dungeon, and saw 4 of its levels.

You collected 460 gold pieces.
You paid 31 gold pieces to Gozag.

Inventory:

Missiles
 a - 18 arrows
Jewellery
 h - a ring of stealth (left tentacle)
 j - an uncursed amulet of guardian spirit
 s - a +5 amulet of reflection (around mantle)
Scrolls
 e - a scroll of teleportation
 i - a scroll of recharging
 k - a scroll of identify
Potions
 l - a potion of haste
 p - 2 potions of brilliance
Books
 b - a book of Changes

   Spells                             Type                      Level
   a - Beastly Appendage              Transmutation                1
   b - Sticks to Snakes               Transmutation                2
   c - Spider Form                    Transmutation/Poison         3
   d - Ice Form                       Ice/Transmutation            4
   e - Blade Hands                    Transmutation                5
Comestibles
 c - 2 bread rations
 m - a meat ration
 o - a fruit


   Skills:
 + Level 2.8 Fighting
 + Level 2.2 Dodging
 + Level 4.0 Stealth
 * Level 5.6 Unarmed Combat
 + Level 2.2 Spellcasting
 * Level 2.4 Transmutations
 + Level 0.5 Poison Magic


You had 3 spell levels left.
You knew the following spells:

 Your Spells              Type           Power        Failure   Level  Hunger
a - Beastly Appendage     Tmut           ###...       1%          1    #......
b - Sticks to Snakes      Tmut           ###.....     1%          2    ##.....
c - Spider Form           Tmut/Pois      ###.......   3%          3    ###....


Dungeon Overview and Level Annotations

Branches:
Dungeon (4/15)
 Temple: D:4-7

Altars:
Dithmenos
Gozag
Nemelex Xobeh
Trog
Yredelemnul
Zin

Shops:
D:2 *

Annotations:
D:4 1 transporter, tehllama's ghost, amateur OpTm


Innate Abilities, Weirdness & Mutations

You cannot wear most types of armour.
You are very stealthy in the water. (Stealth+)
You are amphibious.
You can wear up to eight rings at the same time.
You can use your tentacles to constrict eight enemies at once.
Your skin changes colour to match your surroundings (Stealth+).
Your rubbery body absorbs attacks. (AC +1, EV +1)
You are agile. (Dex +2)
You can translocate small distances at will.
Your flesh is heat resistant. (rF+)


Message History

The orc wizard is distracted by the nearby gold.
* * * LOW HITPOINT WARNING * * *
You feel sick.
Found a mace.
You don't have any unidentified items.
* * * LOW HITPOINT WARNING * * *
You feel sick.
Tehllama's ghost (amateur Octopode Transmuter) comes into view.
* * * LOW HITPOINT WARNING * * *
You feel sick.
Tehllama's ghost turns its malevolent gaze towards you.
* * * LOW HITPOINT WARNING * * *
You feel sick. The worker ant closely misses you.
The worker ant barely misses you.
* * * LOW HITPOINT WARNING * * *
You feel sick.
Tehllama's ghost says, "You will never get the ORB!"
Tehllama's ghost hits you!
You die...
Your body crumbles into a pile of gold.

........# #.. #...... #
###.....## ###########
.##.......)###........$.
...........##..#########
..............##.ooos.Y#
..............#8.##s##.8
....Z.W.a.....#O.##o##[$
.......@..#...#.......)_
..........#..©#..©....$_
.......=..##..#....)..$_
.........####.#..##.##[$
..#.....## .#8.##. #.8 #
####### .##..


You could see a worker ant, tehllama's ghost and a hound skeleton (wandering).

Vanquished Creatures
  A water moccasin (D:4)
  An orc priest (D:3)
  Crazy Yiuf (D:2)
  A bullfrog skeleton (D:4)
  An orc wizard (D:3)
  2 worker ants
  5 adders
  5 worms
  2 leopard geckos
  6 orcs (D:3)
  5 giant cockroaches
  8 goblins
  7 hobgoblins
  4 jackals (D:3)
  A ball python (D:2)
  7 bats
  A frilled lizard (D:2)
  9 kobolds
  7 rats
74 creatures vanquished.

Notes
Turn   | Place    | Note
-------+----------+-------------------------------------------
     0 | D:1      | tehllama the Octopode Transmuter began the quest for the Orb.
     0 | D:1      | Reached XP level 1. HP: 13/13 MP: 3/3
    99 | D:1      | Reached XP level 2. HP: 15/18 MP: 5/5
   641 | D:2      | Reached skill level 4 in Unarmed Combat
   661 | D:2      | Found a runed door.
   720 | D:2      | Reached XP level 3. HP: 22/23 MP: 6/6
   724 | D:2      | Learned a level 2 spell: Sticks to Snakes
   728 | D:2      | Learned a level 3 spell: Spider Form
   754 | D:2      | Found an opulent altar of Gozag.
   767 | D:2      | Found Gozag's Platinum Reserve.
   779 | D:2      | Became a worshipper of Gozag Ym Sagoz the Greedy
   812 | D:2      | Found a glowing silver altar of Zin.
   879 | D:2      | Reached skill level 1 in Stealth
  1633 | D:2      | Reached XP level 4. HP: 15/28 MP: 3/7
  1939 | D:2      | Noticed Crazy Yiuf
  1947 | D:2      | Killed Crazy Yiuf
  2252 | D:3      | Reached XP level 5. HP: 32/34 MP: 1/8
  2255 | D:3      | Reached skill level 5 in Unarmed Combat
  3054 | D:3      | Reached XP level 6. HP: 25/41 MP: 9/9
  3419 | D:4      | Found a bloodstained altar of Trog.
  3426 | D:4      | Noticed a water moccasin
  3436 | D:4      | Noticed a sky beast
  3437 | D:4      | Found a basalt altar of Yredelemnul.
  3437 | D:4      | Found a shadowy altar of Dithmenos.
  3438 | D:4      | Found a sparkling altar of Nemelex Xobeh.
  3438 | D:4      | Noticed a two-headed ogre
  3446 | D:4      | Noticed an orc warrior
  3457 | D:4      | Found a transporter.
  3457 | D:4      | Killed a water moccasin
  3461 | D:4      | Gained mutation: You are agile. (Dex +2) [potion of mutation]
  3461 | D:4      | Gained mutation: You can translocate small distances at will. [potion of mutation]
  3461 | D:4      | Gained mutation: Your flesh is heat resistant. (rF+) [potion of mutation]
  3471 | D:4      | Noticed tehllama's ghost (amateur OpTm)
  3474 | D:4      | Slain by tehllama's ghost

Vault maps used:
D:1:      dpeg_arrival_rooms_a
D:2:      zin_statuary, nicolae_gozag_zags_fifth_avenue, first_bread,
          uniq_crazy_yiuf_cottage
D:4:      bloody_trog, gammafunk_temple_overflow_arena,
          lightli_ossuary_entry_decrepit_ruins, uniq_eustachio

Skill      XL: |  1  2  3  4  5  6 |
---------------+-------------------+-----
Unarmed Combat | 4 5 |  5.6
Stealth        | 2 3 4 |  4.0
Fighting       | 2 |  2.8
Dodging        | |  2.2
Spellcasting   | |  2.2
Transmutations | |  2.4
Poison Magic   | |  0.5

Action                   |  1- 3 |  4- 6 || total
-------------------------+-------+-------++-------
Melee: Unarmed           |    71 |    89 ||   160
       Constrict         |    17 |    24 ||    41
       Tentacles         |    12 |    13 ||    25
       Kick              |       |     8 ||     8
       Punch             |       |     4 ||     4
 Cast: Beastly Appendage |     1 |     4 ||     5
       Spider Form       |     1 |     2 ||     3
  Use: Scroll            |       |    10 ||    10
       Potion            |       |     6 ||     6
 Stab: Sleeping          |     9 |     8 ||    17
       Distracted        |     1 |       ||     1
  Eat: Bread ration      |     1 |       ||     1
       Meat ration       |       |     1 ||     1
Armor: Skin              |     5 |     2 ||     7
Dodge: Dodged            |    44 |    52 ||    96
Block: Other             |       |    10 ||    10
       Reflection        |       |     1 ||     1

Table legend:
 A = Spawn XP
 B = Non-spawn XP
 C = Spawn XP percentage of total XP
 D = Spawn monster count
 E = Non-spawn monster count
 F = Spawn count percentage of total count
 G = Total turns spent on level
                    A         B        C        D         E        F      G
               +---------+---------+-------+---------+---------+-------+---------
         Total |      74 |     481 |  13.3 |       9 |      65 |  12.2 |  3474
               +---------+---------+-------+---------+---------+-------+---------
           D:1 |       2 |      22 |   8.3 |       2 |      13 |  13.3 |   613
           D:2 |      37 |      96 |  27.8 |       5 |      21 |  19.2 |  1459
           D:3 |      35 |     183 |  16.1 |       2 |      29 |   6.5 |  1344
           D:4 |       0 |     180 |   0.0 |       0 |       2 |   0.0 |    58
               +---------+---------+-------+---------+---------+-------+---------
